 Dungeon Crawl Stone Soup version 0.23.2-40-g277498a001 (webtiles) character file.

Game seed: 1417267502253806746

22579 OrcJesus the Grappler (level 12, -5/130 HPs)
             Began as a Troll Chaos Knight on Sept 4, 2019.
             Was a High Priest of Okawaru.
             Slain by a spiny frog (12 damage)
             ... on level 3 of the Lair of Beasts.
             The game lasted 00:44:26 (9340 turns).

OrcJesus the Grappler (Troll Chaos Knight)          Turns: 9340, Time: 00:44:28

Health: -5/130     AC:  7    Str: 29    XL:     12   Next: 64%
Magic:  15/15      EV:  9    Int:  8    God:    Okawaru [*****.]
Gold:   468        SH: 18    Dex: 15    Spells: 10/11 levels left

rFire    + . .     SeeInvis .     - Unarmed
rCold    + + .     Gourm    +   z - +0 large shield
rNeg     . . .     Faith    .   a - +2 robe
rPois    +         Spirit   .   D - +0 hat
rElec    +         Reflect  .   v - scarf {cloud immunity}
rCorr    .         Harm     .   (gloves unavailable)
MR       .....                  (boots unavailable)
Stlth    +.........             N - amulet "Unaova" {+Rage rF+}
HPRegen  0.71/turn              i - +5 ring of slaying
MPRegen  0.14/turn              M - ring "Zijuj" {rPois rC+ Str+4 Dex+2}

@: no status effects
A: large, unfitting armour, claws 3, horns 1, cold resistance 1, deformed body,
fast metabolism 3, gourmand, regeneration 1, robust 1, screaming 2, shaggy fur
1, electricity resistance, strong 1, tough skin 3
a: Heroism, Finesse, Renounce Religion, Evoke Berserk Rage


You were on level 3 of the Lair of Beasts.
You worshipped Okawaru.
Okawaru was extremely pleased with you.
You were completely stuffed.

You visited 3 branches of the dungeon, and saw 16 of its levels.

You collected 1278 gold pieces.
You spent 810 gold pieces at shops.

Inventory:

Hand Weapons
 P - the +7 lajatang of Okawaru's Condemnation {drain, rPois Str+4 Dex+2, unknown}
   (Okawaru gifted it to you on level 3 of the Lair of Beasts)

   A truly terrible weapon, it drains the life of those it strikes.
   It affects your strength (+4).
   It affects your dexterity (+2).
   It protects you from poison.
Missiles
 c - 14 large rocks (quivered)
 S - 3 javelins
Armour
 a - a +2 robe (worn)
 v - a scarf of cloud immunity (worn)
 z - a +0 large shield (worn)
 D - a +0 hat (worn)
Jewellery
 d - an uncursed ring of protection from fire
 i - a +5 ring of slaying (left claw)
 x - an uncursed amulet of magic regeneration
 B - an uncursed ring of positive energy
 L - an uncursed ring of resist corrosion
 M - the ring "Zijuj" (right claw) {rPois rC+ Str+4 Dex+2}
   (You found it on level 10 of the Dungeon)

   [ring of poison resistance]

   It affects your strength (+4).
   It affects your dexterity (+2).
   It protects you from cold.
   It protects you from poison.
 N - the amulet "Unaova" (around neck) {+Rage rF+}
   (You bought it in a shop on level 11 of the Dungeon)

   [amulet of rage]

   It protects you from fire.
   It lets you go berserk.
Wands
 k - a wand of paralysis (9)
 t - a wand of iceblast (26)
 u - a wand of acid (29)
 y - a wand of random effects (31)
 K - a wand of polymorph (8)
Scrolls
 e - 8 scrolls of teleportation
 g - 3 scrolls of amnesia
 h - 5 scrolls of magic mapping
 l - 3 scrolls of fear {unknown}
 n - 3 scrolls of enchant weapon
 q - a scroll of remove curse
 s - 6 scrolls of immolation
 C - a scroll of vulnerability
 E - 4 scrolls of blinking {unknown}
 G - a scroll of holy word
 J - 2 scrolls of fog
 R - a scroll of enchant armour {unknown}
Potions
 f - 3 potions of curing
 j - 2 potions of degeneration
 m - 4 potions of lignification
 o - 4 potions of flight
 p - a potion of cancellation
 r - a potion of resistance
 w - 6 potions of heal wounds
 A - 2 potions of haste
 F - 2 potions of mutation
 I - 2 potions of magic
 O - a potion of invisibility
 Q - a potion of berserk rage
Comestibles
 b - 28 rations
 H - 2 chunks of flesh


   Skills:
 + Level 8.1 Fighting
 + Level 6.0 Throwing
 - Level 2.0 Armour
 + Level 3.2 Dodging
 * Level 8.5 Shields
 * Level 13.0 Unarmed Combat
 + Level 6.0 Invocations


You had 10 spell levels left.
You knew the following spells:

 Your Spells              Type           Power        Failure   Level  Hunger
C - Confusing Touch       Hex            #.....       87%         1    ##.....

Your spell library contained the following spells:

 Spells                   Type           Power        Failure   Level  Hunger
 Infusion                 Chrm           #...         87%         1    ##.....
 Sandblast                Erth           #.....       87%         1    ##.....
 Passwall                 Tmut/Erth      #.......     95%         2    ###....
 Shroud of Golubria       Chrm/Tloc      #.........   95%         2    ###....
 Song of Slaying          Chrm           #.......     95%         2    ###....
 Confuse                  Hex            #.......     99%         3    ####...
 Gell's Gravitas          Tloc           #.........   99%         3    ####...
 Regeneration             Chrm/Necr      #.........   99%         3    ####...
 Spectral Weapon          Hex/Chrm       #.......     99%         3    ####...
 Stone Arrow              Conj/Erth      #.....       99%         3    ####...
 Petrify                  Tmut/Erth      #.......     100%        4    #####..
 Lee's Rapid Deconstruct  Erth           #.........   100%        5    ######.
 Metabolic Englaciation   Hex/Ice        #.........   100%        5    ######.
 Yara's Violent Unravell  Hex/Tmut       #.........   100%        5    ######.


Dungeon Overview and Level Annotations

Branches:
Dungeon (12/15)            Temple (1/1) D:5            Lair (3/6) D:11
  Swamp (0/4) Lair:2          Orc (0/2) D:9
  Snake: Lair:2-4    Spider: Lair:2-4

Altars:
Ashenzari
Cheibriados
Dithmenos
Elyvilon
Fedhas
Gozag
Hepliaklqana
Kikubaaqudgha
Makhleb
Nemelex Xobeh
Okawaru
Qazlal
Ru
Sif Muna
Trog
Uskayaw
Vehumet
Wu Jian
Xom
Yredelemnul
Zin
The Shining One

Shops:
D:11 =


Innate Abilities, Weirdness & Mutations

You are too large for most types of armour.
You have claws for hands.
Your metabolism is lightning-fast.
You like to eat raw meat.
Your natural rate of healing is unusually fast.
You are covered in fur. (AC +1)
You have extremely tough skin. (AC +3)
You have a pair of small horns on your head.
Your flesh is cold resistant. (rC+)
Armour fits poorly on your strangely shaped body.
You are robust. (+10% HP)
You sometimes yell uncontrollably at your foes.
You are resistant to electric shocks. (rElec)
Your muscles are strong. (Str +2)


Message History

Okawaru accepts your kill.
Your Unarmed Combat skill increases to level 13!
You block the elephant's attack. x2
You claw the elephant!
You kill the elephant!
Okawaru accepts your kill. The elephant tramples you!!
* * * LOW HITPOINT WARNING * * *
You hold your ground!
The elephant barely misses you.
You scratch the elephant but do no damage.
You headbutt the elephant, but do no damage.
You block the spiny frog's attack. The elephant tramples you!
* * * LOW HITPOINT WARNING * * *
You stumble backwards!
You claw the elephant! You headbutt the elephant.
The elephant is moderately wounded.
You block the spiny frog's attack. You block the elephant's attack. x2
The spiny frog stings you!
You die...
Xom chuckles heartily!

#....# #....#.#..
##...###.........
##..........##..
#.........###
#..........###
#............## #
#.......÷##...## #.#
#...P.#...##....#####..#
##.###...#####.F@.#....##
.. #...# #..Y.......#
##.. ##..†....... #..
##......... ...
#......##.# ###.
#†....### .....P##
......### ........#


You could see an elephant and a spiny frog.

Vanquished Creatures
  Gastronok (D:8)
  A tengu warrior (D:10)
  A two-headed ogre (D:11)
  3 death yaks (D:11)
  9 elephants
  A black mamba (Lair:1)
  2 rime drakes
  3 komodo dragons
  2 trolls
  A hornet (D:8)
  Grinder (D:5)
  4 hippogriffs
  2 bog bodies (Lair:2)
  A water elemental (D:11)
  3 hungry ghosts (D:10)
  Grum (D:11)
  19 yaks
  A wyvern (D:12)
  A human (shapeshifter) (D:4)
  2 steam dragons
  4 wargs (D:11)
  A soldier ant (D:10)
  Duvessa (D:7)
  5 porcupines
  The ghost of nano the Prestidigitator, an amateur SpAr (D:3)
  6 orc warriors
  7 water moccasins
  2 ice beasts
  2 sky beasts
  2 phantoms
  2 black bears
  2 necrophages (D:10)
  4 ogres
  2 wolves (D:11)
  8 centaurs
  The ghost of MalarOregon the Conjurer, an amateur DrCj (D:3)
  4 crocodiles
  7 bullfrogs
  A gnoll sergeant (D:9)
  2 big kobolds
  Dowan (D:7)
  A water moccasin zombie (D:10)
  4 killer bees (D:11)
  3 scorpions
  A howler monkey (D:10)
  2 electric eels (Lair:2)
  A bullfrog zombie (D:10)
  The ghost of Sysandra the Magician, a weakling DEWz of Cheibriados (D:3)
  The ghost of kalagan the Caller, a weakling DESu (D:3)
  6 crimson imps
  3 hounds
  2 bullfrog skeletons
  6 orc priests
  4 jellies
  4 orc wizards
  A centaur skeleton (D:8)
  7 iguanas
  4 worker ants
  3 gnolls (D:9)
  15 adders
  A river rat (D:11)
  A shadow imp (D:8)
  2 oozes
  An adder skeleton (D:4)
  2 worms (D:2)
  3 dart slugs
  11 leopard geckos
  37 orcs
  2 bats
  5 giant cockroaches
  10 goblins
  6 hobgoblins
  4 jackals
  3 quokkas
  5 frilled lizards
  A jackal skeleton (D:4)
  13 kobolds
  2 leopard gecko skeletons (D:4)
  A quokka skeleton (D:4)
  A quokka zombie (D:9)
  5 rats
309 creatures vanquished.

Vanquished Creatures (others)
  A ball python (D:4)
1 creature vanquished.

Grand Total: 310 creatures vanquished

Notes
Turn   | Place    | Note
-------+----------+-------------------------------------------
     0 | D:1      | OrcJesus the Troll Chaos Knight began the quest for the
                  | Orb.
     0 | D:1      | Reached XP level 1. HP: 22/22 MP: 0/0
    21 | D:1      | XOM: harmless Pois miscast
   156 | D:1      | Reached XP level 2. HP: 29/29 MP: 1/1
   328 | D:1      | XOM: harmless Hex miscast
   407 | D:1      | XOM: harmless Chrm miscast
   467 | D:1      | Reached XP level 3. HP: 36/36 MP: 2/2
   490 | D:1      | XOM: scenery: 1 doors close
   619 | D:1      | XOM: divination: magic mapping
   663 | D:2      | Reached skill level 4 in Unarmed Combat
   769 | D:2      | Reached XP level 4. HP: 44/45 MP: 3/3
   876 | D:2      | XOM: mild Summ miscast
  1329 | D:3      | Reached skill level 5 in Unarmed Combat
  1399 | D:3      | Reached XP level 5. HP: 51/53 MP: 4/4
  1459 | D:3      | Found a runed translucent gate.
  1459 | D:3      | Noticed kalagan's ghost (weakling DESu)
  1460 | D:3      | Found a runed translucent gate.
  1460 | D:3      | Found a runed translucent gate.
  1460 | D:3      | Noticed nano's ghost (amateur SpAr)
  1461 | D:3      | Noticed Sysandra's ghost (weakling DEWz)
  1461 | D:3      | Noticed MalarOregon's ghost (amateur DrCj)
  1469 | D:3      | XOM: chaos cloud
  1471 | D:3      | Paralysed by you for 7 turns
  1472 | D:3      | XOM: confuse monster(s)
  1473 | D:3      | XOM: summons 3 friendly demons
  1478 | D:3      | Killed nano's ghost
  1489 | D:3      | Killed MalarOregon's ghost
  1489 | D:3      | Reached XP level 6. HP: 42/62 MP: 5/5
  1496 | D:3      | Killed Sysandra's ghost
  1496 | D:3      | Reached skill level 6 in Unarmed Combat
  1500 | D:3      | Killed kalagan's ghost
  1723 | D:3      | XOM: cloud trail
  1884 | D:4      | Noticed an orc warrior
  1895 | D:4      | Noticed a steam dragon
  1895 | D:4      | an orc warrior changed into a steam dragon
  1895 | D:4      | XOM: polymorph orc warrior -> steam dragon
  1902 | D:4      | XOM: summons 6 friendly demons
  1910 | D:4      | Killed a steam dragon
  1910 | D:4      | Reached skill level 7 in Unarmed Combat
  1910 | D:4      | Reached XP level 7. HP: 53/71 MP: 6/6
  1986 | D:4      | Noticed a shapeshifter
  1986 | D:4      | a worker ant changed into a shapeshifter
  1986 | D:4      | XOM: polymorph worker ant -> shapeshifter
  1986 | D:4      | Noticed a troll
  1986 | D:4      | a shapeshifter changed into a troll
  1991 | D:4      | Noticed a human
  1991 | D:4      | a troll changed into a human
  1995 | D:4      | Killed a human
  2141 | D:4      | XOM: harmless Tmut miscast
  2314 | D:4      | XOM: give mutations
  2314 | D:4      | Gained mutation: You have a pair of small horns on your
                  | head. [Xom's grace]
  2314 | D:4      | Gained mutation: You are resistant to electric shocks.
                  | (rElec) [Xom's grace]
  2314 | D:4      | Gained mutation: Your muscles are strong. (Str +2) [Xom's
                  | grace]
  2554 | D:5      | Entered Level 5 of the Dungeon
  2578 | D:5      | XOM: enchant monster (good)
  2581 | D:5      | Reached skill level 8 in Unarmed Combat
  2585 | D:5      | XOM: scenery: create altars
  2591 | D:5      | Reached skill level 5 in Fighting
  2591 | D:5      | Reached XP level 8. HP: 35/80 MP: 7/7
  2720 | D:5      | Noticed Grinder
  2727 | D:5      | XOM: cast spell 'Shadow Creatures'
  2728 | D:5      | XOM: harmless Air miscast
  2729 | D:5      | Killed Grinder
  2953 | D:5      | Found a staircase to the Ecumenical Temple.
  3014 | D:6      | Reached skill level 1 in Shields
  3014 | D:6      | Reached skill level 9 in Unarmed Combat
  3168 | D:6      | XOM: blink monster(s)
  3192 | D:6      | XOM: mild Tmut miscast
  3318 | D:6      | XOM: give mutations
  3318 | D:6      | Gained mutation: Your flesh is cold resistant. (rC+) [Xom's
                  | grace]
  3318 | D:6      | Gained mutation: You are robust. (+10% HP) [Xom's grace]
  3366 | Temple   | Entered the Ecumenical Temple
  3482 | Temple   | Fell from the grace of Xom
  3482 | Temple   | Became a worshipper of Warmaster Okawaru
  3677 | D:6      | Reached XP level 9. HP: 78/97 MP: 8/8
  3944 | D:7      | Noticed Duvessa
  3947 | D:7      | Noticed Dowan
  3951 | D:7      | Killed Duvessa
  3954 | D:7      | Killed Dowan
  3954 | D:7      | Reached skill level 1 in Throwing
  4092 | D:7      | Found a blossoming altar of Fedhas.
  4180 | D:7      | XOM: noise
  4198 | D:7      | Reached * piety under Okawaru
  4198 | D:7      | Reached skill level 1 in Invocations
  4347 | D:8      | XOM: give mutations
  4347 | D:8      | Gained mutation: You occasionally shout uncontrollably at
                  | your foes. [Xom's mischief]
  4347 | D:8      | Gained mutation: Armour fits poorly on your strangely
                  | shaped body. [Xom's mischief]
  4347 | D:8      | Gained mutation: You sometimes yell uncontrollably at your
                  | foes. [Xom's mischief]
  4368 | D:8      | Reached skill level 10 in Unarmed Combat
  4420 | D:8      | Reached ** piety under Okawaru
  4679 | D:8      | XOM: noise
  4816 | D:8      | Noticed Gastronok
  4837 | D:8      | Killed Gastronok
  4837 | D:8      | Reached skill level 5 in Shields
  4837 | D:8      | Reached XP level 10. HP: 68/110 MP: 9/11
  5215 | D:9      | XOM: mild Tmut miscast
  5254 | D:9      | Reached *** piety under Okawaru
  5258 | D:9      | Reached skill level 11 in Unarmed Combat
  5340 | D:9      | Found a staircase to the Orcish Mines.
  5398 | D:9      | Found Liskaoll's Book Emporium.
  5452 | D:10     | XOM: noise
  5452 | D:10     | Entered Level 10 of the Dungeon
  5776 | D:10     | Got a transparent lead ring
  5802 | D:10     | Reached **** piety under Okawaru
  5808 | D:10     | Identified the ring "Zijuj" {rPois rC+ Str+4 Dex+2} (You
                  | found it on level 10 of the Dungeon)
  6004 | D:10     | XOM: medium Tmut miscast
  6153 | D:10     | Noticed a tengu warrior
  6160 | D:10     | Killed a tengu warrior
  6160 | D:10     | Received a gift from Okawaru
  6160 | D:10     | Reached XP level 11. HP: 119/119 MP: 13/13
  6480 | D:11     | Noticed Grum
  6489 | D:11     | Killed Grum
  6588 | D:11     | Noticed a death yak
  6593 | D:11     | Noticed a death yak
  6596 | D:11     | Killed a death yak
  6596 | D:11     | Noticed a death yak
  6604 | D:11     | Killed a death yak
  6604 | D:11     | Reached ***** piety under Okawaru
  6609 | D:11     | Killed a death yak
  6609 | D:11     | Received a gift from Okawaru
  6612 | D:11     | Found a staircase to the Lair.
  6615 | D:11     | XOM: 4-stop teleportation journey
  6633 | D:11     | Found Azuenn's Jewellery Shoppe.
  6636 | D:11     | Bought the amulet "Unaova" {+Rage rF+} for 810 gold pieces
  6668 | D:11     | Reached skill level 12 in Unarmed Combat
  6677 | D:11     | Noticed a two-headed ogre
  6695 | D:11     | Killed a two-headed ogre
  6758 | D:11     | Reached skill level 5 in Throwing
  6865 | D:11     | Received a gift from Okawaru
  6873 | D:11     | Reached skill level 5 in Invocations
  7495 | Lair:1   | Entered Level 1 of the Lair of Beasts
  7561 | Lair:1   | XOM: severe Chrm miscast
  7611 | Lair:1   | Reached XP level 12. HP: 130/130 MP: 15/15
  7715 | Lair:1   | XOM: summons 1 hostile demon
  7828 | Lair:1   | Reached skill level 1 in Armour
  7897 | Lair:1   | Learned a level 1 spell: Confusing Touch
  8022 | Lair:1   | XOM: noise
  8223 | Lair:1   | XOM: mild Pois miscast
  8421 | Lair:2   | Found a staircase to the Swamp.
  8571 | Lair:2   | XOM: polymorph crocodile -> big kobold
  9305 | Lair:3   | Received a gift from Okawaru
  9310 | Lair:3   | Got a jewelled lajatang {god gift}
  9337 | Lair:3   | Reached skill level 13 in Unarmed Combat
  9340 | Lair:3   | Slain by a spiny frog

Skill      XL: |  1  2  3  4  5  6  7  8  9 10 11 12 |
---------------+-------------------------------------+-----
Unarmed Combat | 4 5 7 8 9 10 11 12 13 | 13.0
Fighting       | 3 4 5 6 7 8 |  8.1
Shields        | 2 5 6 7 8 |  8.5
Throwing       | 3 4 5 6 |  6.0
Invocations    | 3 4 5 6 |  6.0
Dodging        | 2 3 |  3.2
Armour         | 2 |  2.0

Action                   |  1- 3 |  4- 6 |  7- 9 | 10-12 || total
-------------------------+-------+-------+-------+-------++-------
Melee: Unarmed           |    72 |   165 |   259 |   388 ||   884
       Punch             |       |     2 |     1 |       ||     3
       Headbutt          |       |       |    34 |    99 ||   133
Invok: Heroism           |       |       |     1 |     4 ||     5
 Abil: Evoke Berserk Rag |       |       |       |     1 ||     1
  Use: Potion            |       |       |     6 |       ||     6
       Scroll            |       |       |       |    19 ||    19
 Stab: Sleeping          |     1 |       |     2 |     2 ||     5
       Paralysed         |       |     8 |       |       ||     8
       Invisible         |       |     1 |       |       ||     1
  Eat: Chunk             |    12 |    11 |    27 |    54 ||   104
Armor: Robe              |    26 |    63 |    67 |    60 ||   216
       Skin              |       |       |     5 |       ||     5
Dodge: Dodged            |    29 |    76 |    63 |    81 ||   249
Block: Large shield      |       |       |   120 |   282 ||   402
